 Dungeon Crawl Stone Soup version 0.23-a0-358-g98c7a59 (console) character file.

37 nht the Digger (level 3, -1/31 HPs)
             Began as an Ogre Earth Elementalist on Oct 22, 2018.
             Slain by an adder (2 damage)
             ... on level 2 of the Dungeon.
             The game lasted 00:01:55 (1249 turns).

nht the Digger (Ogre Earth Elementalist)            Turns: 1249, Time: 00:01:55

Health: -1/31      AC:  5    Str: 12    XL:     3   Next: 41%
Magic:  6/7        EV: 10    Int: 17    God:
Gold:   91         SH:  0    Dex:  9    Spells: 7/8 levels left

rFire    . . .     SeeInvis .   (no weapon)
rCold    . . .     Gourm    .   (no shield)
rNeg     . . .     Faith    .   c - +0 robe
rPois    .         Spirit   .   (helmet restricted)
rElec    .         Reflect  .   (no cloak)
rCorr    .         Harm     .   (gloves unavailable)
MR       .....                  (boots unavailable)
Stlth    ++........             h - amulet of the acrobat
HPRegen  0.10/turn              a - +2 ring of protection
MPRegen  0.10/turn              (no ring)

@: lethally poisoned (-1 -> -3)
A: large, unfitting armour, tough skin 1
a: no special abilities


You were on level 2 of the Dungeon.
You were not hungry.

You visited 1 branch of the dungeon, and saw 2 of its levels.

You collected 91 gold pieces.

Inventory:

Armour
 c - a +0 robe (worn)
Jewellery
 a - a +2 ring of protection (left hand)
 h - an amulet of the acrobat (around neck)
Scrolls
 e - 2 scrolls of remove curse
 f - a scroll of teleportation {unknown}
 g - a scroll of amnesia {unknown}
 k - a scroll of fog {unknown}
Potions
 i - 2 potions of flight
 j - 2 potions of agility
Comestibles
 d - 2 rations
 l - 3 chunks of flesh


   Skills:
 - Level 2.0 Dodging
 - Level 1.6 Stealth
 + Level 3.2 Spellcasting
   Level 0.8 Transmutations
 + Level 3.2 Earth Magic


You had 7 spell levels left.
You knew the following spells:

 Your Spells              Type           Power        Failure   Level  Hunger
a - Sandblast             Erth           ##....       4%          1    None

Your spell library contained the following spells:

 Spells                   Type           Power        Failure   Level  Hunger
 Passwall                 Tmut/Erth      #.......     11%         2    ##.....
 Stone Arrow              Conj/Erth      #.....       26%         3    ###....
 Petrify                  Tmut/Erth      #.......     58%         4    ####...
 Lee's Rapid Deconstruct  Erth           ##........   77%         5    ######.


Dungeon Overview and Level Annotations

Branches:
Dungeon (2/15)

Altars:
Trog
The Shining One


Innate Abilities, Weirdness & Mutations

You are too large for most types of armour.
You have tough skin. (AC +1)


Message History

You barely miss the adder.
The adder is lightly wounded.
The adder bites you but does no damage.
You closely miss the adder.
The adder is lightly wounded.
The adder barely misses you. The adder bites you but does no damage.
You closely miss the adder.
The adder is lightly wounded.
* * * LOW HITPOINT WARNING * * *
You feel sick. The adder bites you but does no damage.
You miss the adder.
The adder is lightly wounded.
The adder misses you.
You barely miss the adder.
The adder is lightly wounded.
The adder bites you but does no damage. The adder barely misses you.
You miss the adder.
The adder is lightly wounded.
The adder bites you.
You die... █............█ █...██.████.██ █ █.█ █.█ █.█ █.█ █.█ ██.███████████ █.█ █............. █w█ █..█████████.█ █S█

█.........
█.█ █@█
█.████████
█.█ █.█
█.█ █.█
█.█ █.█
█.█ █.█
█.█ █..
█.█ █.█
███ █.█
█.█ █.█
█.█
█.███.█
█.....█


You could see a worm and an adder.

Vanquished Creatures
  An ooze (D:1)
  A worm (D:2)
  2 dart slugs (D:1)
  A ball python (D:1)
  4 bats (D:1)
  3 giant cockroaches
  3 goblins
  5 hobgoblins
  2 frilled lizards
  3 rats
25 creatures vanquished.

Notes
Turn   | Place    | Note
-------+----------+-------------------------------------------
     0 | D:1      | nht the Ogre Earth Elementalist began the quest for the
                  | Orb.
     0 | D:1      | Reached XP level 1. HP: 16/16 MP: 3/3
   133 | D:1      | Reached XP level 2. HP: 17/24 MP: 0/5
   429 | D:1      | Reached XP level 3. HP: 24/31 MP: 1/7
   985 | D:2      | Found a bloodstained altar of Trog.
  1008 | D:2      | Found a glowing golden altar of the Shining One.
  1246 | D:2      | HP: 1/31 [poisoned by an adder]
  1249 | D:2      | Slain by an adder

Vault maps used:
D:1:      dpeg_arrival_pits
D:2:      lemuel_doored_altar, lemuel_coloured_pillars_altar

Skill      XL: |  1  2 |
---------------+-------+-----
Dodging        | 2 |  2.0
Earth Magic    | 3 |  3.2
Spellcasting   | 3 |  3.2
Stealth        | |  1.6
Transmutations | |  0.8

Action                   || total
-------------------------++-------
Melee: Unarmed           ||    60
 Cast: Sandblast         ||    41
  Use: Scroll            ||     4
 Stab: Sleeping          ||     1
  Eat: Chunk             ||     1
Armor: Robe              ||    35
Dodge: Dodged            ||    38

Table legend:
 A = Non-vault XP
 B = Vault XP
 C = Vault XP percentage of total XP
 D = Non-vault monster count
 E = Vault monster count
 F = Vault count percentage of total count
                 A         B        C        D         E       F
            +---------+---------+-------+---------+---------+-------
      Total |      54 |       0 |   0.0 |      25 |       0 |   0.0
            +---------+---------+-------+---------+---------+-------
        D:1 |      36 |       0 |   0.0 |      16 |       0 |   0.0
        D:2 |      18 |       0 |   0.0 |       9 |       0 |   0.0
            +---------+---------+-------+---------+---------+-------
